 Dungeon Crawl Stone Soup version 0.18.0-1-g0107ab7 (webtiles) character file.

695 manyhoops the Changer (level 7, -9/57 HPs)
             Began as a Mottled Draconian Transmuter on May 5, 2016.
             Mangled by an orc warrior
             ... wielding a +0 glaive
              (16 damage)
             ... on level 6 of the Dungeon.
             The game lasted 00:13:29 (6642 turns).

manyhoops the Changer (DrTm)                        Turns: 6642, Time: 00:13:29

Health: -9/57      AC:  6    Str: 14    XL:     7   Next: 37%
Magic:  12/12      EV: 12    Int: 13    God:
Gold:   159        SH:  0    Dex: 12    Spells: 3 memorised, 7 levels left

rFire  . . .     SeeInvis .       - Unarmed
rCold  + . .     Gourm    .     (armour unavailable)
rNeg   . . .     Faith    .     (no shield)
rPois  .         Spirit   .     (helmet restricted)
rElec  .         Dismiss  .     (no cloak)
rCorr  .         Reflect  .     (no gloves)
SustAt .         Harm     .     (no boots)
MR     .....                    (no amulet)
Stlth  +.........               d - ring of protection from cold
                                e - ring of flight

@: short of breath, not resistant to hostile enchantments, very unstealthy
A: breathe sticky flame splash, unfitting armour, cold-blooded, AC +6
a: Breathe Sticky Flame, Evoke Flight


You were on level 6 of the Dungeon.
You were not hungry.

You visited 1 branch of the dungeon, and saw 6 of its levels.

You collected 159 gold pieces.

Inventory:

Missiles
 a - 53 arrows
Jewellery
 d - a ring of protection from cold (right hand)
 e - a ring of flight (left hand)
Scrolls
 h - a scroll of magic mapping {unknown}
 i - 2 scrolls of fear
 j - 3 scrolls of remove curse
 o - 2 scrolls of fog {unknown}
 p - 2 scrolls of amnesia {unknown}
Potions
 k - 2 potions of invisibility
 l - a potion of magic
 m - 2 potions of flight {unknown}
 q - a potion of resistance {unknown}
 r - 2 potions of heal wounds {unknown}
 s - a potion of cure mutation {unknown}
Books
 b - a book of Changes

   Spells                             Type                      Level
   a - Beastly Appendage              Transmutation                1
   b - Sticks to Snakes               Transmutation                2
   c - Spider Form                    Transmutation/Poison         3
   d - Ice Form                       Ice/Transmutation            4
   e - Blade Hands                    Transmutation                5
Comestibles
 c - 3 bread rations
 f - 4 fruits
 n - 4 meat rations


   Skills:
 - Level 3.1 Fighting
 - Level 2.4 Dodging
 - Level 4.5 Unarmed Combat
 + Level 3.9 Spellcasting
 * Level 4.9 Transmutations
 + Level 2.3 Poison Magic


You had 7 spell levels left.
You knew the following spells:

 Your Spells              Type           Power        Failure   Level  Hunger
a - Beastly Appendage     Trmt           ###...       3%          1    None
b - Sticks to Snakes      Trmt           ###.....     6%          2    ##.....
c - Spider Form           Trmt/Pois      ##........   14%         3    ###....


Dungeon Overview and Level Annotations

Branches:
Dungeon (6/15)
 Temple: D:4-7

Altars:
Elyvilon
Fedhas
Kikubaaqudgha
Pakellas
Ru
Trog
Yredelemnul


Innate Abilities, Weirdness & Mutations

You can spit globs of burning liquid.
You can ignite nearby creatures when you spit burning liquid.
Your weird mottled scales are hard (AC +6).
Your body does not fit into most forms of armour.
You are cold-blooded and may be slowed by cold attacks.


Message History

The orc warrior hits you with a glaive.
* * * LOW HITPOINT WARNING * * *
You're too confused!
You're too confused to move!
You feel less invigorated.
You feel less confused. The orc misses you.
The orc warrior hits you but does no damage.
You hit the orc warrior.
The orc warrior is almost dead.
The orc closely misses you.
You closely miss the orc warrior.
The orc warrior is almost dead.
Your talons disappear.
The orc warrior hits you with a glaive.
* * * LOW HITPOINT WARNING * * *
The orc barely misses you.
You hit the orc warrior but do no damage.
The orc warrior is almost dead.
The orc warrior hits you with a glaive!
You die...

###############
...(...@o.....#
##.$..o./.....#
#.##..........
...######?.#
.### .# #. . #


You could see an orc warrior and an orc.

Vanquished Creatures
  A howler monkey (D:3)
  A crimson imp (D:5)
  3 hounds (D:5)
  2 orc priests (D:5)
  A giant frog skeleton (D:4)
  2 iguanas (D:4)
  Ijyb (D:2)
  An orc wizard (D:5)
  6 worker ants
  A hound skeleton (D:4)
  A hound zombie (D:5)
  A worker ant zombie (D:5)
  4 adders
  2 oozes (D:5)
  2 adder skeletons (D:5)
  2 worms
  A dart slug (D:3)
  3 giant geckos
  7 orcs
  2 ball pythons
  3 giant cockroaches
  9 goblins
  8 hobgoblins
  6 quokkas
  2 bats (D:2)
  A giant newt (D:1)
  4 kobolds
  A quokka zombie (D:5)
  2 rats
80 creatures vanquished.

Vanquished Creatures (collateral kills)
  An ogre (D:3)
1 creature vanquished.

Grand Total: 81 creatures vanquished

Notes
Turn   | Place    | Note
--------------------------------------------------------------
     0 | D:1      | manyhoops the Draconian Transmuter began the quest for the Orb.
     0 | D:1      | Reached XP level 1. HP: 16/16 MP: 3/3
   158 | D:1      | Reached XP level 2. HP: 15/23 MP: 5/5
   899 | D:1      | Learned a level 2 spell: Sticks to Snakes
   977 | D:2      | Reached XP level 3. HP: 13/29 MP: 6/6
  1232 | D:2      | Noticed Ijyb
  1270 | D:2      | Killed Ijyb
  1554 | D:2      | Reached XP level 4. HP: 31/36 MP: 7/7
  1566 | D:2      | Learned a level 3 spell: Spider Form
  2023 | D:3      | Found a blossoming altar of Fedhas.
  2431 | D:3      | Reached skill level 1 in Poison Magic
  2910 | D:3      | Reached XP level 5. HP: 42/42 MP: 6/8
  3433 | D:4      | Found an ancient bone altar of Kikubaaqudgha.
  3434 | D:4      | Found a basalt altar of Yredelemnul.
  3483 | D:4      | HP: 3/63 [worker ant (5)]
  3489 | D:4      | Reached XP level 6. HP: 10/50 MP: 9/9
  3775 | D:4      | Found a bloodstained altar of Trog.
  4728 | D:4      | Found a sacrificial altar of Ru.
  4762 | D:5      | Entered Level 5 of the Dungeon
  4989 | D:5      | Found an oddly glowing altar of Pakellas.
  5318 | D:5      | Your scales start taking on a weird mottled colour.
  5318 | D:5      | Reached XP level 7. HP: 31/57 MP: 12/12
  5988 | D:5      | Found a white marble altar of Elyvilon.
  6633 | D:6      | HP: 2/57 [orc warrior/glaive (20)]
  6642 | D:6      | Mangled by an orc warrior

Skill      XL: |  1  2  3  4  5  6 |
---------------+-------------------+-----
Dodging        | 2 |  2.4
Unarmed Combat | 4 |  4.5
Poison Magic   | 1 2 |  2.3
Fighting       | 2 3 |  3.1
Transmutations | 3 4 |  4.9
Spellcasting   | 3 |  3.9

Action                   |  1- 3 |  4- 6 |  7- 9 || total
-------------------------+-------+-------+-------++-------
Melee: Unarmed           |   137 |   281 |    96 ||   514
       Tailslap          |    11 |    26 |     7 ||    44
       Kick              |     6 |     8 |     6 ||    20
       Headbutt          |     1 |    16 |     8 ||    25
       Punch             |       |     5 |       ||     5
 Cast: Beastly Appendage |     7 |    15 |     6 ||    28
       Sticks to Snakes  |       |     4 |       ||     4
       Spider Form       |       |       |     1 ||     1
 Abil: Breathe Sticky Fl |       |       |     1 ||     1
  Use: Scroll            |     5 |     1 |       ||     6
       Potion            |       |     3 |     1 ||     4
 Stab: Sleeping          |     1 |     2 |       ||     3
  Eat: Bread ration      |     1 |     1 |     1 ||     3
       Pizza             |     1 |       |       ||     1
       Chunk             |       |     4 |     1 ||     5
Armor: Skin              |    42 |    72 |    40 ||   154
Dodge: Dodged            |    95 |   181 |    82 ||   358
